AoeStats
← Pwncakes

African Clearing

506218326Analyzed
2v2 RM · 21d ago on Sep 12, 2026· 46m 49s· 4 players
Game mode
Random Map
Map size
Medium (4 player)
Population
200
Speed
Normal
Resources
Standard
Victory
Conquest
Starting age
Dark Age
Ending age
Imperial Age
RankedLock teamsTeams togetherTeam positionsShared explorationLock speedFull tech treeHidden civsTurbo modeCheats
Victory
Defeat
🇩🇰 Slavs · Denmark
1508
+8
🇺🇸 Huns · United States
1319
+15
🇺🇸 Spanish · United States
1341
-13
🇮🇪 Maya · Ireland
1282
-10
Pwncakes
10:49 Loom
13:35 Feudal Age
14:08 Double-Bit Axe
16:40 Bloodlines
16:59 Scale Barding Armor
20:21 Fishing Lines
21:53 Forging
22:51 Fletching
25:51 Castle Age
25:02 Gold Mining
25:34 Padded Archer Armor
26:29 Bodkin Arrow
28:25 Leather Archer Armor
30:24 Ballistics
33:47 Elite Skirmisher
41:45 Wheelbarrow
tailwindhighhorses
6:15 Loom
12:43 Feudal Age
13:19 Double-Bit Axe
15:32 Wheelbarrow
15:19 Gold Mining
16:15 Horse Collar
21:44 Castle Age
20:27 Stone Mining
21:03 Fletching
21:37 Town Watch
22:56 Bow Saw
23:19 Heavy Plow
22:58 Elite Skirmisher
25:51 Bodkin Arrow
26:28 Pikeman
27:59 Padded Archer Armor
28:57 Squires
30:04 Gold Shaft Mining
30:00 Leather Archer Armor
36:31 Imperial Age
34:16 Scale Barding Armor
34:59 Forging
36:11 Chain Barding Armor
36:28 Iron Casting
36:08 Detinets
36:47 Bloodlines
36:38 Husbandry
37:51 Hand Cart
37:04 Elite Boyar
38:35 Plate Barding Armor
39:06 Conscription
40:47 Blast Furnace
40:57 Ballistics
44:01 Town Patrol
46:16 Chemistry
45:27 Masonry
46:31 Two-Man Saw
Great King Pat
5:02 Loom
14:25 Feudal Age
19:00 Castle Age
28:36 Padded Archer Armor
35:37 Leather Archer Armor
39:12 Fletching
bouldbadger
10:31 Loom
12:33 Feudal Age
16:59 Castle Age
15:43 Double-Bit Axe
18:31 Padded Archer Armor
20:46 Fletching
23:04 Bodkin Arrow
24:05 Town Watch
25:33 Town Patrol
29:48 Ballistics
29:54 Leather Archer Armor
30:37 Bow Saw
36:29 Scale Mail Armor
37:07 Wheelbarrow
40:24 Imperial Age
38:11 Squires
37:59 Eagle Warrior
39:24 Hand Cart
39:29 Forging
39:22 Pikeman
42:17 Halberdier
45:52 Murder Holes
Connection lost

Rejoining the realm…

Still unreachable

The connection could not be restored.

Session expired

The server has moved on; the page needs a fresh start.